 Dungeon Crawl Stone Soup version 0.25.1-4-g9407a263a5 (webtiles) character file.

Game seed: 11303486985617022723

1046 Doot the Insei (level 8, 0/56 HPs)
             Began as a Merfolk Transmuter on Nov 27, 2020.
             Was a Follower of the Shining One.
             Killed by divine providence
             ... invoked by an orc priest
              (12 damage)
             ... on level 6 of the Dungeon on Nov 28, 2020.
             The game lasted 00:15:15 (8179 turns).

Doot the Insei (Merfolk Transmuter)                 Turns: 8179, Time: 00:15:16

Health: 0/56       AC:  7    Str: 13    XL:     8   Next: 25%
Magic:  12/14      EV: 14    Int: 12    God:    the Shining One [*.....]
Gold:   235        SH:  0    Dex: 14    Spells: 4/15 levels left

rFire    . . .     SeeInvis .     - Unarmed
rCold    + . .     Gourm    .   (no shield)
rNeg     . . .     Faith    .   k - +3 leather armour {rC+}
rPois    .         Spirit   .   (no helmet)
rElec    .         Reflect  .   i - +0 cloak
rCorr    .         Harm     .   (no gloves)
MR       .....                  (no boots)
Stlth    +.........             (no amulet)
HPRegen  0.18/turn              (no ring)
MPRegen  0.14/turn              (no ring)

@: appendage, hasted, glowing, very quick
A: change form in water, swift swim, stealthy swim, horns 2
a: End Transformation, Renounce Religion


You were on level 6 of the Dungeon.
You worshipped the Shining One.
The Shining One was aware of your devotion.
You were near starving.
You had grown temporary horns.
You visited 2 branches of the dungeon, and saw 7 of its levels.

You collected 235 gold pieces.

Inventory:

Missiles
 a - 61 arrows
Armour
 b - a +0 robe
 e - a +0 helmet
 i - a +0 cloak (worn)
 k - a +3 leather armour of cold resistance (worn)
Scrolls
 c - 2 scrolls of fog {unknown}
 g - a scroll of identify {unknown}
 j - 2 scrolls of fear {unknown}
 l - 2 scrolls of immolation {unknown}
 m - a scroll of random uselessness {unknown}
 n - a scroll of enchant weapon {unknown}
 o - 3 scrolls of teleportation {unknown}
 p - 2 scrolls of enchant armour {unknown}
 r - a scroll of magic mapping {unknown}
 s - a scroll of blinking {unknown}
Potions
 f - a potion of ambrosia {unknown}
 q - 2 potions of curing
 t - 2 potions of might {unknown}
 u - a potion of brilliance {unknown}
 w - a potion of cancellation {unknown}
Comestibles
 d - 5 rations


   Skills:
 + Level 2.1 Fighting
 + Level 5.1 Dodging
 + Level 2.2 Stealth
 + Level 7.2 Unarmed Combat
 + Level 4.1 Spellcasting
 + Level 5.8 Transmutations
 + Level 0.5 Poison Magic


You had 4 spell levels left.
You knew the following spells:

 Your Spells              Type           Power        Failure   Level  Hunger
a - Beastly Appendage     Tmut           ###...       2%          1    #......
b - Sticks to Snakes      Tmut           ###.....     3%          2    ##.....
c - Spider Form           Tmut/Pois      ##........   22%         3    ###....
d - Blade Hands           Tmut           ###.......   56%         5    ######.

Your spell library contained the following spells:

 Spells                   Type           Power        Failure   Level  Hunger
 Magic Dart               Conj           #...         28%         1    #......
 Searing Ray              Conj           #.....       38%         2    ##.....
 Dazzling Flash           Conj/Hex       #.....       63%         3    ###....
 Ice Form                 Ice/Tmut       #.......     63%         4    #####..
 Fulminant Prism          Conj/Hex       #.........   95%         4    #####..
 Iskenderun's Mystic Bla  Conj/Tloc      #.......     95%         4    #####..


Dungeon Overview and Level Annotations

Branches:
Dungeon (6/15)             Temple (1/1) D:6

Altars:
Dithmenos
Fedhas
Kikubaaqudgha
The Shining One

Shops:
D:5 :%%*!

Annotations:
D:2 exclusion: oklob plant


Innate Abilities, Weirdness & Mutations

You revert to your normal form in water.
You are very nimble and swift while swimming.
You are very stealthy in the water. (Stealth+)
You have a pair of horns on your head.


Message History

Unknown command.
Unknown command.
Unknown command.
Unknown command.
Unknown command.
Unknown command.
You feel much better. The unseen horror misses you. The unseen horror hits you!
Okay, then.
Unknown command.
You feel yourself speed up. The unseen horror hits you.
The orc priest calls down the wrath of Beogh upon you.
Beogh smites you!
* * * LOW HITPOINT WARNING * * *
The unseen horror hits you!
* * * LOW HITPOINT WARNING * * *
Unknown command.
It was a potion of curing.
You feel better.
The orc priest calls down the wrath of Beogh upon you.
Beogh smites you!
You die...

#########
.......####
##...........
##... #.....#
#... #.....#
#...##..#@#
#..##..##x## .
#.....##OoJ##....
#.......Fo.......
#.....##...##....
#..##..##.## .##.
#<.[##..#.#..#
#....##.....#
#.....#.....#


You could see an unseen horror (invisible), an ogre (poisoned), a bullfrog, a
jelly, an orc priest and an orc wizard.

Vanquished Creatures
  2 ogres (D:5)
  2 phantoms
  A crimson imp (D:5)
  3 orc priests
  5 orc wizards
  2 iguanas
  2 worker ants (D:5)
  Natasha (thrice) (D:4)
  A hound skeleton (D:5)
  4 gnolls (D:3)
  10 adders
  A shadow imp (D:5)
  3 worms
  3 dart slugs
  7 leopard geckos
  16 orcs
  8 giant cockroaches
  9 goblins
  2 hobgoblins
  2 jackals (D:1)
  13 kobolds
  A quokka (D:4)
  2 ball pythons
  8 bats
  8 frilled lizards
  7 rats
125 creatures vanquished.

Vanquished Creatures (collateral kills)
  A ball python (D:3)
  A bat (D:3)
  A rat (D:3)
3 creatures vanquished.

Vanquished Creatures (others)
  Ijyb (D:4)
  12 toadstools (D:2)
13 creatures vanquished.

Grand Total: 141 creatures vanquished

Notes
Turn   | Place    | Note
-------+----------+-------------------------------------------
     0 | D:1      | Doot the Merfolk Transmuter began the quest for the Orb.
     0 | D:1      | Reached XP level 1. HP: 15/15 MP: 3/3
   345 | D:1      | Reached XP level 2. HP: 21/21 MP: 5/5
   623 | D:1      | Reached skill level 4 in Unarmed Combat
   802 | D:1      | Reached XP level 3. HP: 19/26 MP: 4/6
  1576 | D:2      | Found a glowing golden altar of the Shining One.
  1602 | D:2      | Became a worshipper of the Shining One
  1704 | D:2      | Found an ancient bone altar of Kikubaaqudgha.
  1717 | D:2      | Reached XP level 4. HP: 30/32 MP: 5/7
  2207 | D:2      | Learned a level 2 spell: Sticks to Snakes
  2211 | D:2      | Learned a level 3 spell: Spider Form
  2580 | D:2      | Found a faded altar of an unknown god.
  2621 | D:2      | Found a blossoming altar of Fedhas.
  2642 | D:2      | Noticed an oklob plant
  3219 | D:3      | Reached XP level 5. HP: 37/37 MP: 4/9
  3464 | D:3      | Reached skill level 1 in Stealth
  3465 | D:3      | Noticed a phantom
  3872 | D:3      | Killed a phantom
  3872 | D:3      | Reached XP level 6. HP: 39/43 MP: 10/10
  4083 | D:3      | Reached skill level 5 in Unarmed Combat
  4126 | D:4      | Noticed Natasha
  4127 | D:4      | Noticed Ijyb
  4135 | D:4      | The Shining One protects you from harm!
  4136 | D:5      | Entered Level 5 of the Dungeon
  4177 | D:5      | Found Esiupok's Book Boutique.
  4408 | D:5      | Found Komin's Food Shop.
  4420 | D:5      | Found Doleubri's Assorted Antiques.
  4441 | D:5      | Reached * piety under the Shining One
  4736 | D:5      | Found a shadowy altar of Dithmenos.
  4753 | D:5      | Found Bedaebim's Distillery.
  4755 | D:5      | Found Mop Keumm's Food Shop.
  4764 | D:5      | Reached skill level 5 in Transmutations
  4764 | D:5      | Reached XP level 7. HP: 47/48 MP: 8/12
  5245 | D:5      | Reached skill level 6 in Unarmed Combat
  5691 | D:4      | Killed Ijyb
  6117 | D:4      | Learned a level 5 spell: Blade Hands
  6209 | D:4      | Reached XP level 8. HP: 54/55 MP: 9/13
  6422 | D:4      | Reached skill level 7 in Unarmed Combat
  6504 | D:4      | Killed Natasha
  6504 | D:4      | Reached skill level 5 in Dodging
  6691 | D:4      | Noticed Natasha
  6695 | D:4      | Killed Natasha
  6702 | D:4      | Noticed Natasha
  6709 | D:4      | Killed Natasha
  7740 | D:6      | Found a staircase to the Ecumenical Temple.
  7742 | D:6      | Noticed an unseen horror
  7762 | Temple   | Entered the Ecumenical Temple
  8179 | D:6      | Killed from afar by an orc priest

Illustrated notes

Levels and vault maps discovered:
D:1:      lemuel_arrival_behind_the_door_small, layout_loops_ring, st_stairs_3
D:2:      layout_loops_ring, overflow_temple_1_default, old_standard_altar,
          chequers_ecumenical_altar_simple, tgw_fedhas
D:3:      layout_loops_ring, first_ration, st_stairs_10
D:4:      layout_gridville, minmay_misc_feat_hallway, uniq_ijyb, uniq_natasha
D:5:      layout_basic, lemuel_crystal_altar, serial_shops, nicolae_shop_stone,
          nicolae_shop_statue_plus, shop, kennysheep_mini, shop,
          portal_sewer_entry_f
D:6:      layout_rooms, lemuel_crystal_altar,
          chequers_temple_overflow_statue_of_worship, minmay_temple_entry_waves,
          guppyfry_shop_venom
Temple:   eino_temple_water

Skill      XL: |  1  2  3  4  5  6  7  8 |
---------------+-------------------------+-----
Unarmed Combat | 4 5 6 7 |  7.2
Transmutations | 3 4 5 |  5.8
Dodging        | 3 4 5 |  5.1
Stealth        | 1 2 |  2.2
Spellcasting   | 3 4 |  4.1
Fighting       | 2 |  2.1
Poison Magic   | |  0.5

Action                   |  1- 3 |  4- 6 |  7- 9 || total
-------------------------+-------+-------+-------++-------
Melee: Unarmed           |   138 |   168 |   155 ||   461
       Headbutt          |    17 |    22 |    21 ||    60
       Punch             |     2 |     1 |     3 ||     6
       Tailslap          |       |       |     3 ||     3
 Cast: Beastly Appendage |    27 |    26 |    29 ||    82
       Sticks to Snakes  |       |    13 |       ||    13
       Spider Form       |       |     3 |     4 ||     7
  Use: Potion            |       |       |     6 ||     6
  Eat: Chunk             |     3 |     8 |    10 ||    21
       Ration            |       |     1 |       ||     1
Armor: Robe              |    35 |    22 |     6 ||    63
       Skin              |       |     2 |       ||     2
       Leather armour    |       |       |    13 ||    13
Dodge: Dodged            |   104 |   108 |   129 ||   341
